General information
- name: BNet
- type: Ladder team game (AT/RT)
- host: Battle.net
- saver: MKOWNSU.
map: Friends
- players: 8
- length: 24:09
- speed: Fast
- version: 1.26 W3XP
- replay type: Public
» download(151 KB)
Players
team 1 (winner)

»
Sinops17 (
green | 61 APM | 1467 actions | 24:09)
4 Mountain King
2 Storm Bolt
2 Bash
4 Pandaren Brewmaster
2 Breath of Fire
2 Drunken Brawler
» actions
| Assign group hotkey | 31 | |
| Basic commands | 96 | |
| Build / train | 53 | |
| Enter build submenu | 23 | |
| Enter hero's abilities submenu | 8 | |
| Give item / drop item | 2 | |
| Right click | 430 | |
| Select / deselect | 485 | |
| Select group hotkey | 232 | |
| Use ability | 106 | |
1467 total
» units
| Peasant | 8 | |
| Footman | 5 | |
| Priest | 2 | |
| Sorceress | 9 | |
24 total
» upgrades
| Masonry | 3 | |
| Lumber Harvesting | 2 | |
| Sorceress Training | 2 | |
7 total
» buildings
| Altar of Kings | 1 | |
| Farm | 6 | |
| Barracks | 1 | |
| Lumber Mill | 1 | |
| Arcane Vault | 1 | |
| Keep | 1 | |
| Scout Tower | 7 | |
| Guard Tower | 4 | |
| Castle | 1 | |
| Arcane Sanctum | 2 | |
| Arcane Tower | 1 | |
26 total
» build order
00:10 Altar of Kings
00:26 Farm
00:32 Farm
00:45 Barracks
01:26 Lumber Mill
01:39 Farm
02:08 Arcane Vault
03:08 Keep
04:12 Scout Tower
04:17 Scout Tower
04:18 Scout Tower
04:21 Scout Tower
04:22 Scout Tower
04:24 Scout Tower
04:25 Scout Tower
04:45 Guard Tower
05:34 Castle
05:51 Guard Tower
06:00 Arcane Sanctum
06:04 Arcane Sanctum
07:04 Guard Tower
07:12 Guard Tower
08:04 Arcane Tower
08:26 Farm
08:29 Farm
08:32 Farm
» items
| Scroll of Regeneration | 3 | |
| Orb of Fire | 2 | |
5 total
MKOWNSU. (
pink | 52 APM | 1257 actions | 24:09)
6 Mountain King
3 Storm Bolt
2 Bash
1 Avatar
» actions
| Assign group hotkey | 35 | |
| Basic commands | 52 | |
| Build / train | 72 | |
| Enter build submenu | 23 | |
| Enter hero's abilities submenu | 6 | |
| Remove unit from queue | 1 | |
| Right click | 445 | |
| Select / deselect | 169 | |
| Select group hotkey | 388 | |
| Use ability | 66 | |
1257 total
» units
| Peasant | 24 | |
| Gryphon Rider | 13 | |
| Goblin Shredder | 1 | |
| Goblin Zeppelin | 1 | |
39 total
» upgrades
| Masonry | 3 | |
| Lumber Harvesting | 1 | |
| Swords | 2 | |
| Armor | 2 | |
| Storm Hammers | 1 | |
9 total
» buildings
| Altar of Kings | 1 | |
| Farm | 11 | |
| Lumber Mill | 3 | |
| Scout Tower | 25 | |
| Guard Tower | 6 | |
| Keep | 3 | |
| Blacksmith | 1 | |
| Castle | 3 | |
| Gryphon Aviary | 2 | |
| Town Hall | 4 | |
| Arcane Vault | 1 | |
60 total
» build order
00:10 Altar of Kings
00:21 Farm
00:39 Lumber Mill
01:24 Scout Tower
01:28 Farm
01:57 Guard Tower
02:19 Farm
02:49 Keep
03:09 Scout Tower
03:12 Scout Tower
03:13 Scout Tower
03:14 Scout Tower
03:16 Scout Tower
03:52 Blacksmith
03:56 Guard Tower
04:05 Farm
04:08 Farm
04:10 Farm
04:12 Farm
04:14 Farm
04:15 Farm
04:16 Farm
04:23 Guard Tower
05:22 Castle
05:30 Guard Tower
05:54 Gryphon Aviary
06:33 Gryphon Aviary
07:07 Farm
10:01 Lumber Mill
10:25 Lumber Mill
12:30 Town Hall
15:22 Keep
15:22 Keep
16:49 Town Hall
19:19 Town Hall
20:14 Arcane Vault
20:21 Castle
20:21 Castle
21:03 Town Hall
21:40 Scout Tower
21:40 Scout Tower
21:41 Scout Tower
21:41 Scout Tower
21:42 Scout Tower
22:01 Scout Tower
22:02 Scout Tower
22:02 Scout Tower
22:03 Scout Tower
22:04 Scout Tower
22:04 Scout Tower
22:05 Scout Tower
22:28 Guard Tower
22:30 Scout Tower
22:30 Scout Tower
22:30 Scout Tower
» items
manbearpig54 (
blue | 29 APM | 686 actions | 24:02)
5 Crypt Lord
3 Spiked Carapace
2 Impale
4 Death Knight
2 Death Coil
2 Unholy Aura
3 Lich
2 Frost Nova
1 Frost Armor
» actions
| Basic commands | 12 | |
| Build / train | 65 | |
| Enter build submenu | 15 | |
| Enter hero's abilities submenu | 12 | |
| Right click | 289 | |
| Select / deselect | 240 | |
| Use ability | 53 | |
686 total
» units
| Acolyte | 2 | |
| Ghoul | 8 | |
| Crypt Fiend | 12 | |
| Frost Wyrm | 3 | |
25 total
» upgrades
| Creature Attack | 3 | |
| Creature Carapace | 3 | |
| Web | 1 | |
| Freezing Breath | 1 | |
8 total
» buildings
| Ziggurat | 8 | |
| Crypt | 1 | |
| Altar of Darkness | 1 | |
| Nerubian Tower | 6 | |
| Tomb of Relics | 1 | |
| Halls of the Dead | 3 | |
| Graveyard | 2 | |
| Black Citadel | 2 | |
| Spirit Tower | 1 | |
| Sacrificial Pit | 1 | |
| Boneyard | 1 | |
27 total
» build order
00:24 Ziggurat
00:28 Crypt
00:42 Altar of Darkness
01:09 Ziggurat
01:24 Nerubian Tower
01:49 Tomb of Relics
02:08 Nerubian Tower
02:08 Nerubian Tower
02:46 Ziggurat
03:28 Ziggurat
04:06 Halls of the Dead
04:06 Halls of the Dead
04:19 Nerubian Tower
04:28 Nerubian Tower
04:28 Nerubian Tower
04:54 Graveyard
07:39 Black Citadel
07:40 Black Citadel
08:45 Ziggurat
09:39 Spirit Tower
09:43 Ziggurat
10:06 Sacrificial Pit
12:00 Boneyard
21:00 Ziggurat
21:03 Ziggurat
21:54 Graveyard
» items
| Scroll of Regeneration | 1 | |
| Orb of Corruption | 1 | |
| Sobi Mask | 1 | |
| Sacrificial Skull | 1 | |
| Healing Wards | 1 | |
5 total

»
Winston-Wolf (
teal | 22 APM | 529 actions | 24:09)
1 Mountain King
1 Storm Bolt
» actions
| Assign group hotkey | 5 | |
| Basic commands | 22 | |
| Build / train | 50 | |
| Enter build submenu | 23 | |
| Enter hero's abilities submenu | 1 | |
| Right click | 223 | |
| Select / deselect | 161 | |
| Select group hotkey | 15 | |
| Use ability | 29 | |
529 total
» units
| Peasant | 8 | |
| Footman | 6 | |
| Mortar Team | 2 | |
| Siege Engine | 5 | |
| Priest | 3 | |
| Knight | 6 | |
30 total
» upgrades
| Masonry | 3 | |
| Plating | 1 | |
| Lumber Harvesting | 1 | |
| Swords | 1 | |
| Barrage | 1 | |
| Priest Training | 1 | |
8 total
» buildings
| Farm | 9 | |
| Altar of Kings | 1 | |
| Lumber Mill | 2 | |
| Scout Tower | 4 | |
| Arcane Tower | 1 | |
| Barracks | 1 | |
| Blacksmith | 1 | |
| Arcane Vault | 1 | |
| Keep | 1 | |
| Guard Tower | 2 | |
| Castle | 1 | |
| Workshop | 1 | |
| Arcane Sanctum | 1 | |
| Town Hall | 1 | |
27 total
» build order
00:14 Farm
00:25 Altar of Kings
00:34 Lumber Mill
00:56 Farm
01:12 Scout Tower
01:38 Farm
01:54 Arcane Tower
02:17 Farm
02:30 Barracks
03:01 Blacksmith
03:16 Lumber Mill
03:43 Arcane Vault
04:20 Scout Tower
04:28 Keep
04:54 Farm
05:00 Guard Tower
05:44 Scout Tower
06:20 Guard Tower
06:23 Farm
07:17 Castle
07:28 Farm
08:13 Workshop
08:19 Farm
09:03 Arcane Sanctum
09:27 Farm
11:42 Town Hall
18:43 Scout Tower
» items
| Scroll of Regeneration | 2 | |
| Lesser Clarity Potion | 1 | |
| Mechanical Critter | 1 | |
| Potion of Healing | 1 | |
5 total
team 2 (loser)
Wardancer (
red | 42 APM | 1026 actions | 24:09)
6 Warden
3 Shadow Strike
2 Blink
1 Spirit of Vengeance
» actions
| Assign group hotkey | 19 | |
| Basic commands | 53 | |
| Build / train | 58 | |
| ESC pressed | 1 | |
| Enter build submenu | 20 | |
| Enter hero's abilities submenu | 6 | |
| Right click | 277 | |
| Select / deselect | 359 | |
| Select group hotkey | 183 | |
| Use ability | 50 | |
1026 total
» units
| Wisp | 19 | |
| Faerie Dragon | 2 | |
| Druid of the Talon | 2 | |
| Chimaera | 13 | |
| Hippogryph | 6 | |
| Goblin Zeppelin | 1 | |
| Dryad | 1 | |
44 total
» upgrades
| Corrosive Breath | 1 | |
| Strength of the Wild | 2 | |
3 total
» buildings
| Tree of Ages | 1 | |
| Altar of Elders | 1 | |
| Moon Well | 9 | |
| Ancient of Wonders | 1 | |
| Ancient of Wind | 1 | |
| Tree of Eternity | 1 | |
| Chimaera Roost | 2 | |
| Tree of Life | 1 | |
| Hunter's Hall | 1 | |
| Ancient of Lore | 1 | |
19 total
» build order
01:05 Tree of Ages
01:10 Altar of Elders
01:20 Moon Well
02:35 Ancient of Wonders
03:32 Ancient of Wind
03:50 Moon Well
04:08 Tree of Eternity
05:12 Moon Well
06:36 Chimaera Roost
06:57 Moon Well
08:34 Chimaera Roost
08:46 Moon Well
12:26 Moon Well
13:17 Tree of Life
13:47 Moon Well
14:40 Hunter's Hall
17:08 Ancient of Lore
18:53 Moon Well
21:29 Moon Well
» items
| Potion of Healing | 1 | |
| Orb of Venom | 1 | |
2 total
Queue (
yellow | 62 APM | 1495 actions | 24:09)
7 Mountain King
3 Storm Bolt
3 Bash
1 Avatar
» actions
| Assign group hotkey | 143 | |
| Basic commands | 15 | |
| Build / train | 93 | |
| Enter build submenu | 33 | |
| Enter hero's abilities submenu | 7 | |
| Right click | 598 | |
| Select / deselect | 348 | |
| Select group hotkey | 178 | |
| Use ability | 80 | |
1495 total
» units
| Peasant | 11 | |
| Footman | 19 | |
| Goblin Shredder | 1 | |
| Goblin Zeppelin | 1 | |
| Gryphon Rider | 15 | |
47 total
» upgrades
| Masonry | 3 | |
| Swords | 3 | |
| Armor | 3 | |
| Animal War Training | 1 | |
| Storm Hammers | 1 | |
11 total
» buildings
| Altar of Kings | 1 | |
| Barracks | 1 | |
| Farm | 13 | |
| Scout Tower | 12 | |
| Arcane Tower | 2 | |
| Arcane Vault | 1 | |
| Keep | 1 | |
| Lumber Mill | 2 | |
| Blacksmith | 1 | |
| Castle | 1 | |
| Gryphon Aviary | 2 | |
| Town Hall | 1 | |
| Guard Tower | 9 | |
| Workshop | 1 | |
| Cannon Tower | 2 | |
50 total
» build order
00:03 Altar of Kings
00:05 Barracks
00:10 Farm
01:21 Farm
01:35 Scout Tower
02:07 Arcane Tower
02:07 Arcane Tower
02:15 Farm
03:04 Arcane Vault
03:22 Farm
03:55 Farm
04:41 Keep
05:06 Lumber Mill
05:12 Blacksmith
07:43 Castle
10:41 Gryphon Aviary
11:47 Town Hall
12:02 Gryphon Aviary
13:14 Scout Tower
13:15 Scout Tower
14:07 Guard Tower
14:08 Guard Tower
16:17 Lumber Mill
16:43 Farm
16:47 Farm
17:14 Scout Tower
17:18 Scout Tower
17:19 Scout Tower
18:51 Guard Tower
19:01 Guard Tower
19:33 Farm
19:37 Farm
20:27 Scout Tower
20:29 Scout Tower
20:30 Scout Tower
21:06 Farm
21:25 Guard Tower
21:30 Workshop
22:47 Farm
22:48 Farm
22:49 Farm
23:09 Guard Tower
23:10 Guard Tower
23:11 Cannon Tower
23:14 Scout Tower
23:16 Scout Tower
23:17 Scout Tower
» items
| Scroll of Regeneration | 6 | |
| Lesser Clarity Potion | 2 | |
| Potion of Healing | 1 | |
| Orb of Fire | 1 | |
| Belt of Giant Strength +6 | 2 | |
12 total
Duckmann (
orange | 26 APM | 617 actions | 24:09)
3 Blademaster
2 Mirror Image
1 Wind Walk
1 Tauren Chieftain
1 Endurance Aura
» actions
| Basic commands | 15 | |
| Build / train | 63 | |
| Enter build submenu | 25 | |
| Enter hero's abilities submenu | 4 | |
| Remove unit from queue | 1 | |
| Right click | 194 | |
| Select / deselect | 249 | |
| Use ability | 66 | |
617 total
» units
| Peon | 6 | |
| Grunt | 4 | |
| Raider | 13 | |
| Goblin Shredder | 1 | |
| Shaman | 7 | |
| Demolisher | 1 | |
| Troll Batrider | 3 | |
35 total
» upgrades
| Pillage | 1 | |
| Ensnare | 1 | |
| Shaman Training | 2 | |
| Armor | 1 | |
| Melee Weapons | 1 | |
| Spiked Barricades | 1 | |
| Burning Oil | 1 | |
| Liquid Fire | 1 | |
9 total
» buildings
| Altar of Storms | 1 | |
| Orc Burrow | 7 | |
| War Mill | 3 | |
| Barracks | 1 | |
| Stronghold | 1 | |
| Voodoo Lounge | 1 | |
| Beastiary | 2 | |
| Spirit Lodge | 1 | |
| Fortress | 1 | |
| Watch Tower | 6 | |
24 total
» build order
00:06 Altar of Storms
00:14 Orc Burrow
01:14 War Mill
01:38 Barracks
02:02 Orc Burrow
03:19 Stronghold
03:51 Voodoo Lounge
04:47 Orc Burrow
05:51 Beastiary
05:55 Beastiary
05:59 Spirit Lodge
08:35 Fortress
08:48 Orc Burrow
09:06 Watch Tower
09:26 Watch Tower
09:49 Orc Burrow
11:06 Orc Burrow
11:17 Watch Tower
12:23 Watch Tower
12:37 War Mill
14:06 Orc Burrow
16:40 Watch Tower
17:52 Watch Tower
20:22 War Mill
» items
| Scroll of Regeneration | 1 | |
| Potion of Healing | 2 | |
| Healing Salve | 3 | |
| Orb of Lightning | 1 | |
| Potion of Mana | 1 | |
| Lesser Clarity Potion | 1 | |
| Scroll of Town Portal | 1 | |
10 total

»
disowner (
purple | 46 APM | 1109 actions | 24:09)
2 Lich
1 Frost Nova
1 Frost Armor
» actions
| Assign group hotkey | 19 | |
| Basic commands | 8 | |
| Build / train | 58 | |
| Enter build submenu | 13 | |
| Enter hero's abilities submenu | 2 | |
| Right click | 402 | |
| Select / deselect | 282 | |
| Select group hotkey | 274 | |
| Use ability | 51 | |
1109 total
» units
| Acolyte | 3 | |
| Ghoul | 5 | |
| Crypt Fiend | 5 | |
| Banshee | 10 | |
| Necromancer | 11 | |
| Meatwagon | 3 | |
| Obsidian Statue | 1 | |
38 total
» upgrades
| Web | 1 | |
| Banshee Training | 2 | |
| Necromancer Training | 2 | |
| Skeletal Mastery | 1 | |
| Unholy Strength | 2 | |
| Unholy Armor | 1 | |
| Skeletal Longevity | 1 | |
| Exhume Corpses | 1 | |
11 total
» buildings
| Ziggurat | 7 | |
| Altar of Darkness | 1 | |
| Crypt | 1 | |
| Graveyard | 1 | |
| Halls of the Dead | 1 | |
| Nerubian Tower | 4 | |
| Tomb of Relics | 1 | |
| Black Citadel | 1 | |
| Temple of the Damned | 3 | |
| Slaughterhouse | 1 | |
21 total
» build order
00:17 Ziggurat
00:22 Altar of Darkness
00:28 Crypt
01:27 Graveyard
01:49 Ziggurat
03:11 Halls of the Dead
03:27 Nerubian Tower
04:04 Ziggurat
04:22 Ziggurat
05:00 Tomb of Relics
05:23 Ziggurat
05:38 Black Citadel
07:00 Temple of the Damned
07:01 Temple of the Damned
07:03 Temple of the Damned
07:10 Nerubian Tower
10:36 Ziggurat
14:08 Ziggurat
14:39 Nerubian Tower
14:41 Nerubian Tower
18:37 Slaughterhouse
Chat log
(00:21 / All) Queue: I HOPE THAT NONE OF YOU ARE CRANIALLY CHALLENGED HALF-WITS.
(00:49 / Allies) Winston-Wolf: like you ?
(00:51 / All) Sinops17: i am bruh
(02:25 / Allies) MKOWNSU.: wood
(02:55 / Allies) Sinops17: blue
(03:20 / Allies) MKOWNSU.: come teal
(03:29 / Allies) Winston-Wolf: dude get some units 1st
(03:33 / Allies) Winston-Wolf: dont be dumb
(03:42 / Allies) MKOWNSU.: teal, are you taunting me?
(03:48 / Allies) Sinops17: yee experience
(05:32 / Allies) MKOWNSU.: wood
(06:03 / Allies) MKOWNSU.: giv eme fuckig wood blue
(06:23 / Allies) Sinops17: blue share that shit
(06:24 / Allies) Sinops17: lol
(06:44 / Allies) Winston-Wolf: rude ass aint he ???
(07:07 / Allies) Sinops17: lol
(07:38 / Allies) MKOWNSU.: i got griffs copters
(08:59 / Allies) Sinops17: blue
(11:18 / Allies) MKOWNSU.: go teal
(11:44 / Allies) Sinops17: banshees boys
(12:14 / Allies) Winston-Wolf: so pink tks
(12:19 / Allies) MKOWNSU.: im not tking
(12:21 / Allies) MKOWNSU.: this is my mine
(12:32 / All) Sinops17: t
(12:35 / Allies) Sinops17: thats team killing bro
(12:37 / Allies) Sinops17: regardless of your name
(12:38 / Allies) MKOWNSU.: no it snot
(12:39 / Allies) MKOWNSU.: i wont tk
(12:43 / Allies) MKOWNSU.: he took my mine
(12:48 / Allies) Winston-Wolf: lol
(12:51 / Allies) Winston-Wolf: min e you cunt
(12:56 / Allies) Sinops17: you think we gonna win a game where we dont work together?
(12:56 / Allies) MKOWNSU.: ill sotp
(12:57 / Allies) MKOWNSU.: onc ehe is dead
(12:58 / Allies) MKOWNSU.: relax
(13:00 / Allies) Sinops17: who cares about a mine
(13:02 / Allies) Winston-Wolf: fucking loser ass whore
(13:07 / Allies) MKOWNSU.: teal leave
(13:09 / Allies) MKOWNSU.: u got raped
(13:12 / All) Winston-Wolf: tk
(13:16 / All) Winston-Wolf: you win ez
(13:20 / All) MKOWNSU.: lalw
(13:21 / All) disowner: no way
(13:22 / All) MKOWNSU.: fuck u p nigga
(13:31 / All) disowner: we must battle first
(13:42 / All) Sinops17: i dont want none of your banshees bro
(13:53 / All) disowner: u want me bad
(14:09 / Allies) Winston-Wolf: fuck you pink
(14:09 / All) MKOWNSU.: leave tela ur a nigger
(14:13 / Allies) Winston-Wolf: you dogshit whore
(14:16 / Allies) Winston-Wolf: never cunt
(14:50 / Allies) Sinops17: well this is over
(14:52 / Allies) MKOWNSU.: no it snot
(14:53 / Allies) MKOWNSU.: idiot
(14:55 / Allies) MKOWNSU.: my friend is a spy
(14:58 / Allies) MKOWNSU.: on other rteam
(15:02 / Allies) Sinops17: lol
(15:04 / Allies) Sinops17: your dumb
(15:09 / Allies) MKOWNSU.: play it otu tthen
(15:10 / Allies) MKOWNSU.: watch
(15:13 / Allies) Winston-Wolf: psycho shit whore
(15:37 / Allies) Winston-Wolf: feel you pink ??
(15:44 / Allies) Winston-Wolf: you happy shitwad ???
(16:02 / Allies) Winston-Wolf: doesnt your daddy fuck your ass enough psycho shit ???
(16:14 / Allies) MKOWNSU.: we got this
(16:17 / Allies) MKOWNSU.: hit right side
(16:36 / Allies) MKOWNSU.: RIGHT SIDE NOT BOTTOM
(16:58 / Allies) MKOWNSU.: GREEN
(16:59 / Allies) MKOWNSU.: AND BLUE
(17:01 / Allies) MKOWNSU.: IF U HIT BOTTOM
(17:02 / Allies) MKOWNSU.: I KILL U
(17:03 / Allies) MKOWNSU.: HIT RIGHT SIDE
(17:04 / Allies) MKOWNSU.: IDIOTS
(17:06 / Allies) MKOWNSU.: NOT BOTTOM
(17:11 / Allies) Sinops17: ok....
(17:54 / Allies) MKOWNSU.: IDIOT BLUE
(18:29 / Allies) Winston-Wolf: psycho whore
(18:38 / All) Sinops17: stupidest game ever
(18:44 / All) MKOWNSU.: ITS NOT OVER
(18:45 / All) MKOWNSU.: IDIOT
(18:45 / All) Queue: yes, it has you in it
(18:47 / Allies) Winston-Wolf: pink is dogshit
(18:55 / All) Sinops17: pink killed blues heros in battle
(18:56 / Allies) Winston-Wolf: lol
(19:03 / All) Sinops17: doyou remember killing teals base?
(19:05 / All) Sinops17: oh no
(19:06 / Allies) Winston-Wolf: he is a psycho shit
(19:07 / All) Sinops17: that was pink wasnt it
(19:41 / Allies) Winston-Wolf: dude kill all my buildings
(19:47 / Allies) Winston-Wolf: im not gonna quit
(19:47 / Allies) MKOWNSU.: JUST
(19:49 / Allies) MKOWNSU.: UR UNIT ONES
(19:52 / Allies) Winston-Wolf: cause if you win
(19:53 / Allies) MKOWNSU.: UR FARMS COME IN HANDY
(19:55 / Allies) Winston-Wolf: i win
(19:56 / Allies) MKOWNSU.: retards will attack them
(20:06 / Allies) Winston-Wolf: psycho shit fucking whore
(20:12 / Allies) Sinops17: we aint gonna win
(20:13 / Allies) Sinops17: just leave
(20:21 / Allies) Sinops17: im killing pink or dying trying
(20:37 / Allies) Winston-Wolf: not till i see pink die like the dogshit cunt he is
(20:52 / Allies) Sinops17: too bad i cant polymorph him
(20:56 / Allies) MKOWNSU.: green ur not my enemy
(20:58 / Allies) MKOWNSU.: stay awya
(21:01 / Allies) Sinops17: your mine
(21:07 / Allies) Sinops17: ruining good games
(21:07 / Allies) Winston-Wolf: you killed us all pink
(21:07 / Allies) Sinops17: loser
(21:14 / Allies) Sinops17: you ruined the game for 7 ppl
(21:18 / Allies) Winston-Wolf: you silly ass piece of dogshit
(21:47 / Allies) Sinops17: maybe yoiu wont see me
(21:49 / All) Winston-Wolf: pink has 3 mines... and is mass gryphs
(21:51 / Allies) MKOWNSU.: LAWL
(21:56 / All) Queue: he is also a stabber
(22:00 / All) Queue: so stfu teal
(22:08 / All) Winston-Wolf: you better get off you asses or lose to a psycho shit tker
(22:10 / All) Sinops17: yellow
(22:11 / Allies) MKOWNSU.: GOGO
(22:12 / Allies) MKOWNSU.: GREEN
(22:13 / Allies) MKOWNSU.: LETS HIT
(22:13 / All) Sinops17: im battling pink
(22:14 / Allies) MKOWNSU.: THEM
(22:35 / Allies) Winston-Wolf: there you go pink
(22:45 / Allies) Winston-Wolf: hope you got what you wanted to whore
(23:13 / All) Winston-Wolf: lol
(23:25 / Allies) Winston-Wolf: beat pink like a rented fucking mulre
(23:29 / Allies) Winston-Wolf: mule*
(23:45 / Allies) Winston-Wolf: die you dogshit psycho shit whore
(23:53 / Allies) Winston-Wolf: i gotta laugh
(24:06 / Allies) Winston-Wolf: lol
(24:09 / Allies) Winston-Wolf: die pink